 Dungeon Crawl Stone Soup version 0.22.1-2-g9c5b331 (webtiles) character file.

1415 Lorn the Cudgeler (level 9, -2/68 HPs)
             Began as a Human Berserker on Dec 16, 2018.
             Was a Priest of Trog.
             Splashed by a jelly's acid (12 damage)
             ... on level 5 of the Dungeon.
             The game lasted 00:19:32 (5611 turns).

Lorn the Cudgeler (Human Berserker)                 Turns: 5611, Time: 00:19:37

Health: -2/68      AC: -11   Str: 21    XL:     9   Next: 2%
Magic:  9/9        EV: 12    Int:  8    God:    Trog [***...]
Gold:   227        SH:  0    Dex: 12    Spells: 8/8 levels left

rFire    . . .     SeeInvis .   z - +1 mace (holy)
rCold    . . .     Gourm    +   (no shield)
rNeg     + . .     Faith    .   d - +0 ring mail
rPois    +         Spirit   .   (no helmet)
rElec    .         Reflect  .   (no cloak)
rCorr    .         Harm     .   f - +1 pair of gloves
MR       .....                  (no boots)
Stlth    +.........             v - amulet of the gourmand
HPRegen  0.21/turn              s - ring of positive energy
MPRegen  0.11/turn              A - ring of poison resistance

@: corroded
A: no striking features
a: Berserk, Trog's Hand, Renounce Religion


You were on level 5 of the Dungeon.
You worshipped Trog.
Trog was most pleased with you.
You were not hungry.

You visited 1 branch of the dungeon, and saw 5 of its levels.

You collected 227 gold pieces.

Inventory:

Hand Weapons
 a - a +0 hand axe
 w - a +0 war axe
 x - a +0 flail
 z - a +1 mace of holy wrath (weapon)
Missiles
 q - 2 tomahawks (quivered)
 y - a throwing net
Armour
 d - a +0 ring mail (worn)
 f - a +1 pair of gloves (worn)
 i - a +0 pair of gloves
 t - a +0 plate armour
Jewellery
 s - a ring of positive energy (left hand)
 v - an amulet of the gourmand (around neck)
 A - a ring of poison resistance (right hand)
 B - an uncursed ring of stealth {unknown}
 C - an uncursed ring of protection from magic {unknown}
 D - a +3 ring of protection {unknown}
Scrolls
 b - a scroll of noise {unknown}
 e - 5 scrolls of identify {unknown}
 g - a scroll of fear {unknown}
 h - 2 scrolls of teleportation {unknown}
 m - 2 scrolls of amnesia {unknown}
 n - 2 scrolls of enchant weapon {unknown}
 p - 2 scrolls of magic mapping {unknown}
 r - 3 scrolls of remove curse {unknown}
Potions
 j - 2 potions of agility {unknown}
 k - 2 potions of lignification {unknown}
 l - 3 potions of heal wounds {unknown}
 o - 2 potions of might {unknown}
 u - a potion of curing {unknown}
 E - a potion of degeneration {unknown}
Comestibles
 c - 8 rations


   Skills:
 + Level 5.2 Fighting
 + Level 4.6(6.0) Axes
 + Level 5.9(6.7) Maces & Flails
 + Level 0.6 Throwing
 + Level 5.6 Armour
 + Level 3.5 Dodging
 - Level 0.8 Stealth


You had 8 spell levels left.
You didn't know any spells.
Your spell library was empty.

Dungeon Overview and Level Annotations

Branches:
Dungeon (5/15)
 Temple: D:4-7

Altars:
Ru
Uskayaw

Shops:
D:5 (


Message History

The acid burns!
You hit the jelly.
Your hands burn!
The jelly is moderately wounded.
The jelly misses you.
You hit the jelly but do no damage.
Your hands burn!
The jelly is moderately wounded.
The jelly hits you. The acid corrodes you!
You are splashed with acid!
The acid burns!
You hit the jelly.
Your hands burn!
The jelly is heavily wounded.
The jelly hits you. The acid corrodes you!
You are splashed with acid!
The acid burns!
* * * LOW HITPOINT WARNING * * *
You hit the jelly but do no damage.
Your hands burn!
* * * LOW HITPOINT WARNING * * *
The jelly is heavily wounded.
The jelly hits you.
* * * LOW HITPOINT WARNING * * *
The acid corrodes you!
You are splashed with acid!
The acid burns!
You die...

##.......## ##..####.
###.........####........
.....................>.
##.....:...####...#####
.........# ##...##
#.....# ##.#.# .. #(..#
##.## ##≈ .. ##J## #.#
#≈≈ .# ###@####### #.#
#≈≈≈ .# #.........# #.#
# #≈≈##.# #.#.#####.#
#.# #..#≈≈#.. #....##
#.#####.#
#..##..#####.....#
#.......#
#......w........##
#########
#......#######.##
######## ###


You could see a jelly.

Vanquished Creatures
  The ghost of RoboWizard the Digger, a novice GrEE (D:4)
  The ghost of RoboWizard the Conjurer, a novice DECj (D:5)
  A sky beast (D:3)
  A phantom (D:4)
  2 ogres (D:4)
  A jelly (D:5)
  A scorpion (D:4)
  A howler monkey (D:4)
  A bullfrog zombie (D:5)
  A gnoll shaman (D:5)
  2 bullfrog skeletons
  An orc priest (D:5)
  An iguana (D:4)
  2 worker ants
  A killer bee zombie (D:5)
  8 gnolls
  6 adders
  An ooze (D:1)
  6 worms
  3 dart slugs
  4 leopard geckos
  11 orcs
  3 bats
  5 giant cockroaches
  7 goblins
  5 hobgoblins
  8 jackals
  A quokka (D:2)
  2 ball pythons (D:2)
  2 frilled lizards
  A jackal skeleton (D:5)
  7 kobolds
  A leopard gecko skeleton (D:4)
  A quokka skeleton (D:5)
  9 rats
109 creatures vanquished.

Notes
Turn   | Place    | Note
-------+----------+-------------------------------------------
     0 | D:1      | Lorn the Human Berserker began the quest for the Orb.
     0 | D:1      | Reached XP level 1. HP: 18/18 MP: 1/1
    76 | D:1      | Reached XP level 2. HP: 23/24 MP: 2/2
   611 | D:2      | Reached XP level 3. HP: 29/29 MP: 3/3
   886 | D:2      | Reached ** piety under Trog
  1377 | D:2      | Reached XP level 4. HP: 30/35 MP: 4/4
  1418 | D:2      | Found a hide-covered altar of Uskayaw.
  1422 | D:2      | Noticed a dagger
  1423 | D:2      | Noticed a hand axe
  2261 | D:3      | Found a faded altar of an unknown god.
  2637 | D:3      | Reached XP level 5. HP: 33/41 MP: 5/5
  2994 | D:3      | Noticed a sky beast
  3005 | D:3      | Killed a sky beast
  3005 | D:3      | Reached XP level 6. HP: 41/48 MP: 6/6
  3231 | D:4      | Noticed an ogre
  3236 | D:4      | Killed an ogre
  3236 | D:4      | Reached skill level 1 in Maces & Flails
  3310 | D:4      | Noticed an ogre
  3317 | D:4      | Killed an ogre
  3317 | D:4      | Reached XP level 7. HP: 54/54 MP: 7/7
  3533 | D:4      | Found a sacrificial altar of Ru.
  3762 | D:4      | Reached *** piety under Trog
  3896 | D:4      | Found a runed door.
  3904 | D:4      | Noticed RoboWizard's ghost (novice GrEE)
  4059 | D:4      | Killed RoboWizard's ghost
  4059 | D:4      | Reached XP level 8. HP: 60/61 MP: 8/8
  4157 | D:5      | Entered Level 5 of the Dungeon
  4388 | D:5      | Reached skill level 5 in Armour
  4409 | D:5      | Reached skill level 5 in Maces & Flails
  4790 | D:5      | Reached skill level 5 in Fighting
  5333 | D:5      | Found Calaluic's Weapon Shoppe.
  5358 | D:5      | Found a large runed door.
  5359 | D:5      | Noticed RoboWizard's ghost (novice DECj)
  5360 | D:5      | Found a large runed door.
  5375 | D:5      | Killed RoboWizard's ghost
  5375 | D:5      | Reached XP level 9. HP: 50/68 MP: 9/9
  5611 | D:5      | Splashed by a jelly's acid

Skill      XL: |  1  2  3  4  5  6  7  8 |
---------------+-------------------------+-----
Axes           | 4 |  4.6
Armour         | 3 4 5 |  5.6
Fighting       | 4 5 |  5.2
Maces & Flails | 2 4 5 |  5.9
Dodging        | 3 |  3.5
Throwing       | |  0.6
Stealth        | |  0.8

Action                   |  1- 3 |  4- 6 |  7- 9 || total
-------------------------+-------+-------+-------++-------
Melee: Hand axe          |   129 |   114 |       ||   243
       Flail             |       |    28 |       ||    28
       Mace              |       |     8 |   190 ||   198
Throw: Tomahawk          |       |     2 |     3 ||     5
Invok: Berserk           |     1 |     4 |     4 ||     9
       Trog's Hand       |       |       |     1 ||     1
  Eat: Chunk             |     1 |    11 |    11 ||    23
       Ration            |     1 |       |       ||     1
Armor: Ring mail         |    55 |    58 |    67 ||   180
Dodge: Dodged            |    67 |    85 |   105 ||   257
